 Dungeon Crawl Stone Soup version 0.29-a0-1023-g6ae1a4a2c7 (webtiles) character file.

Game seed: 13737576886089417628

55 BritishOli the Trooper (level 3, -8/29 HPs)
             Began as a Demonspawn Fighter on Aug 11, 2022.
             Mangled by Sigmund
             ... wielding a +0 scythe
              (10 damage)
             ... on level 3 of the Dungeon.
             The game lasted 00:01:37 (2032 turns).

BritishOli the Trooper (Demonspawn Fighter)         Turns: 2032, Time: 00:01:38

Health: -8/29      AC:  6    Str: 18    XL:     3   Next: 67%
Magic:  3/3        EV:  9    Int:  9    God:
Gold:   64         SH:  0    Dex: 12    Spells: 2/2 levels left

rFire   . . .      SeeInvis .   a - +0 long sword
rCold   . . .      Faith    .   c - +0 buckler
rNeg    . . .      Spirit   .   b - +0 scale mail
rPois   .          Reflect  .   (no helmet)
rElec   .          Harm     .   (no cloak)
rCorr   .          Rampage  .   (no gloves)
Will    .....                   (no boots)
Stlth   ..........              (no amulet)
HPRegen 0.09/turn               (no ring)
MPRegen 0.08/turn               (no ring)

@: confused
A: weakness stinger 1
a: no special abilities


You were on level 3 of the Dungeon.
You visited 1 branch of the dungeon, and saw 3 of its levels.

You collected 64 gold pieces.

Inventory:

Hand Weapons
 a - a +0 long sword (weapon)
Armour
 b - a +0 scale mail (worn)
 c - a +0 buckler (worn)
Jewellery
 i - a ring of resist corrosion
 k - a ring of poison resistance
Scrolls
 f - 2 scrolls of teleportation {unknown}
 h - 2 scrolls of enchant armour {unknown}
 j - a scroll of identify {unknown}
 l - a scroll of immolation {unknown}
Potions
 d - a potion of might
 e - a potion of lignification {unknown}
 g - 2 potions of curing {unknown}
 m - a potion of flight {unknown}


   Skills:
 + Level 3.5 Fighting
 + Level 2.3 Long Blades
 + Level 3.1 Armour
 + Level 3.2 Shields


You had 2 spell levels left.
You didn't know any spells.
Your spell library was empty.

Dungeon Overview and Level Annotations

Branches:
Dungeon (3/15)

Altars:
Yredelemnul

Shops:
D:3 !

Annotations:
D:3 Sigmund


Innate Abilities, Weirdness & Mutations

You have a small tail.


Message History

Sigmund casts a spell at you. The magic dart hits you!
You slash Sigmund!
Your tail-slap misses Sigmund.
Sigmund is moderately wounded.
The rat barely misses you. Sigmund casts a spell at you.
You are confused.
You are too confused!
You are too confused!
You hit Sigmund.
Sigmund is moderately wounded.
The rat misses you. Sigmund barely misses you. The rat bites you.
You hit Sigmund.
Your tail-slap misses Sigmund.
Sigmund is moderately wounded.
Sigmund completely misses you. The rat bites you but does no damage.
You slash Sigmund!
Sigmund is severely wounded.
The rat bites you. Sigmund hits you with a +0 scythe!
You bump into the rock wall.
The rat barely misses you.
You feel less confused. Sigmund closely misses you. The rat closely misses you.
You hit Sigmund.
Sigmund is severely wounded.
The rat barely misses you. Sigmund gestures at you while chanting.
You block the puff of flame.
You closely miss Sigmund.
Sigmund is severely wounded.
The rat barely misses you. Sigmund hits you with a +0 scythe!
* * * LOW HITPOINT WARNING * * *
The rat barely misses you.
You barely miss Sigmund.
Sigmund is severely wounded.
Sigmund gestures at you while chanting.
You are confused.
The rat barely misses you.
You slash Sigmund!
Your tail-slap misses Sigmund.
Sigmund is almost dead.
Sigmund hits you with a +0 scythe!
You die...

##.###.###.# #.##....# ##.#
#.###...#.# #.##<##.# #.#
#.........# #.##.##.# #.#
#######K### #.......# ##+# #.#
####.#### ##... # ###.# #.)...##
##.... .# ##.#.# #.##...##
##.....
..####....######.##....####......
..+............@@r........'......
..####....######)#†....####......
.## ##...# #.#.#..## ##.....
##.## #.#.#.## ##.... #.# #.#.#.#
##... #.# #<....# ##'# #.#
###.### #.# #.# #.# #.# .. #.#
##.#


You could see Sigmund and a rat.

Vanquished Creatures
  2 adders
  A worm (D:2)
  3 bats
  6 endoplasms (D:2)
  3 giant cockroaches
  3 goblins
  3 hobgoblins (D:2)
  2 kobolds
  2 quokkas
  A ball python (D:1)
  2 frilled lizards (D:2)
  2 rats (D:2)
30 creatures vanquished.

Notes
Turn   | Place    | Note
-------+----------+-------------------------------------------
     0 | D:1      | BritishOli the Demonspawn Fighter began the quest for the
                  | Orb.
     0 | D:1      | Reached XP level 1. HP: 18/18 MP: 1/1
   358 | D:1      | You fall into a shaft and drop 1 floor!
   409 | D:2      | Gained mutation: You have a small tail. [demonic ancestry]
   409 | D:2      | Reached XP level 2. HP: 18/24 MP: 2/2
  1104 | D:2      | Reached XP level 3. HP: 29/29 MP: 3/3
  1374 | D:2      | Found a basalt altar of Yredelemnul.
  1807 | D:3      | Found Fatyer's Distillery.
  1959 | D:3      | Noticed Sigmund
  2030 | D:3      | HP: 1/29 [Sigmund/+0 scythe (8)]
  2032 | D:3      | Mangled by Sigmund

Illustrated notes

Levels and vault maps discovered:
D:1:      minmay_arrival_checkered_box, layout_basic,
          shapermc_ecumenical_altar_mp_ritualfount, serial_forest,
          infiniplex_forest_clump_tiny, infiniplex_forest_clump_tiny,
          infiniplex_forest_lined_3, infiniplex_forest_zigzag_1,
          infiniplex_forest_straight_3, infiniplex_forest_clump_medium,
          infiniplex_forest_lined_room_3, minmay_tetromino_o2
D:2:      layout_basic, basic_altar, serial_bayou_pond_c
D:3:      layout_loops_corners, serial_shops, shop, uniq_sigmund

Skill      XL: |  1  2 |
---------------+-------+-----
Long Blades    | 2 |  2.3
Shields        | 3 |  3.2
Armour         | 3 |  3.1
Fighting       | |  3.5

Action                   || total
-------------------------++-------
Melee: Long sword        ||   100
       Tailslap          ||     7
Armor: Scale mail        ||    52
Dodge: Dodged            ||    61
Block: Buckler           ||    20

Table legend: (Time is in decaauts)
 A = Elapsed time spent in this place.
 B = Non-inter-level travel time spent in this place.
 C = Inter-level travel time spent in this place.
 D = Time resting spent in this place.
 E = Time spent auto-exploring this place.
 F = Levels seen in this place.
 G = Mean time per level.
                   A        B        C        D        E       F      G
               +--------+--------+--------+--------+--------+-----+--------+
         Total |   2066 |   2007 |     59 |    112 |   1615 |   3 |  688.7 |
       Dungeon |   2066 |   2007 |     59 |    112 |   1615 |   3 |  688.7 |
               +--------+--------+--------+--------+--------+-----+--------+

Top non-repeatable levels by time:
     D:2: 1274 daAuts
     D:3: 428 daAuts
     D:1: 364 daAuts
